 Dungeon Crawl Stone Soup version 0.29.0-4-gdea44cf6ec (webtiles) character file.

Game seed: 5131750064206950813

274 qw the Chopper (level 6, 0/35 HPs)
             Began as a Tengu Warper on Aug 28, 2022.
             Succumbed to a water moccasin's poison
             ... on level 4 of the Dungeon.
             The game lasted 00:00:17 (3411 turns).

qw the Chopper (Tengu Warper)                       Turns: 3411, Time: 00:00:18

Health: 0/35       AC:  8    Str: 13    XL:     6   Next: 24%
Magic:  10/10      EV:  7    Int: 13    God:
Gold:   180        SH:  5    Dex: 14    Spells: 9/9 levels left

rFire   . . .      SeeInvis +   Y - +0 war axe
rCold   . . .      Faith    .   (no shield)
rNeg    . . .      Spirit   .   g - +0 chain mail
rPois   .          Reflect  +   (helmet restricted)
rElec   .          Harm     .   (no cloak)
rCorr   .          Rampage  .   (no gloves)
Will    .....                   (boots unavailable)
Stlth   ..........              j - amulet of reflection
HPRegen 0.11/turn               b - ring of see invisible
MPRegen 0.12/turn               (no ring)

@: lethally poisoned (0 -> -31), about to teleport, flying quickly and
evasively, quick
A: beak, talons 3, nimble flight
a: no special abilities


You were on level 4 of the Dungeon.
You visited 2 branches of the dungeon, and saw 5 of its levels.

You collected 180 gold pieces.


Innate Abilities, Weirdness & Mutations

You have a beak for a mouth.
You have claws for feet.
Your magical nature lets you fly swiftly and evasively.


   Skills:
 - Level 2.0 Fighting
 + Level 6.7 Axes
 - Level 1.0 Throwing
 - Level 2.0 Armour
 - Level 2.1 Dodging
 - Level 2.0 Spellcasting
 - Level 2.4 Translocations


You had 9 spell levels left.
You didn't know any spells.
Your spell library contained the following spells:

 Spells                   Type           Power      Damage    Failure   Level
 Blink                    Tloc           14%        N/A       99%         2
 Gell's Gravitas          Tloc           7%         N/A       100%        3
 Lesser Beckoning         Tloc           7%         N/A       100%        3
 Teleport Other           Tloc           7%         N/A       100%        3
 Manifold Assault         Tloc           7%         N/A       100%        5

Inventory:

Hand Weapons
 e - a +0 whip
 Y - a +0 war axe (weapon)
Missiles
 c - 4 javelins (quivered)
Armour
 g - a +0 chain mail (worn)
Jewellery
 b - a ring of see invisible (left hand)
 j - an amulet of reflection (around neck)
Scrolls
 h - 3 scrolls of identify
Potions
 a - a potion of attraction {unknown}
 d - a potion of heal wounds {unknown}
 i - a potion of haste

Dungeon Overview and Level Annotations

Branches:
Dungeon (4/15)             Temple (1/1) D:4

Altars:
Cheibriados
Dithmenos
Fedhas
Gozag
Hepliaklqana
Qazlal
Ru
Sif Muna
Uskayaw
Wu Jian
Xom
Zin
The Shining One

Shops:
D:4 *


Message History

Found a quarterstaff.
d - a murky puce potion
Found a stone staircase leading up.
Enter note:
Enter note:
Enter note:
Enter note: You now have 180 gold pieces (gained 12).
There is an escape hatch in the floor here.
Things that are here:
a potion of lignification; a +2 hand axe You reach down and open the door.
A water moccasin comes into view.
The water moccasin hisses angrily.
You hit the water moccasin but do no damage.
You claw the water moccasin.
The water moccasin is lightly wounded.
The water moccasin bites you.
You are poisoned.
The water moccasin poisons you!
You closely miss the water moccasin.
The water moccasin is lightly wounded.
You feel very sick. The water moccasin bites you. x2
You are lethally poisoned!
The water moccasin poisons you!
You miss the water moccasin. Your kick misses the water moccasin.
The water moccasin is lightly wounded.
You feel very sick. The water moccasin bites you.
You block the water moccasin's attack.
You hit the water moccasin. Your kick misses the water moccasin.
The water moccasin is lightly wounded.
You feel very sick. The water moccasin bites you.
You are more poisoned.
The water moccasin poisons you!
3411 ||| READING scroll of teleportation.
As you read the scroll of teleportation, it crumbles to dust.
You feel strangely unstable.
You die...

......#.#.#.........#
#....
..........#.........#
#####
......#.#.####.####.#
###### #.....#.#.# #.# #
#..... #..#..#.#.####.##
.# #.....
................###.#
#.....
..##................#
#.....
..##..#.........#.#.###.
######
#.....#.........@.......
#.....+.......##S##.#.#.
##..!##.......#... .#
......#.......#.\.# .
#.# ...#..........#...#
... >..###........##+##
#.# ...#...######## ...
.).....#### #.#
##........#


You could see a water moccasin.

Vanquished Creatures
  A howler monkey (D:4)
  A hound (D:4)
  2 iguanas (D:4)
  Jessica (D:2)
  Terence (D:2)
  5 adders
  A worm (D:4)
  A dart slug (D:2)
  5 endoplasms
  2 giant cockroaches (D:1)
  4 goblins
  3 hobgoblins
  5 jackals
  3 kobolds
  2 quokkas
  5 ball pythons
  6 bats
  2 frilled lizards
  6 rats
56 creatures vanquished.

Vanquished Creatures (others)
  A plant (D:2)
1 creature vanquished.

Grand Total: 57 creatures vanquished

Notes
Turn   | Place    | Note
-------+----------+-------------------------------------------
     0 | D:1      | qw the Tengu Warper began the quest for the Orb.
     0 | D:1      | Reached XP level 1. HP: 12/12 MP: 4/4
     0 | D:1      | 0 ||| qw: Version: 0.1-a-89-g26bdef1
     0 | D:1      | 0 ||| qw: Game counter: 2099
     0 | D:1      | 0 ||| qw: Always use a shield: true
     0 | D:1      | 0 ||| qw: God list: Okawaru
     0 | D:1      | 0 ||| qw: Allow faded altars: false
     0 | D:1      | 0 ||| qw: Do Orc after D:15 true
     0 | D:1      | 0 ||| qw: Do second Lair branch before Depths: true
     0 | D:1      | 0 ||| qw: Lair rune preference: random
     0 | D:1      | 0 ||| qw: Plans: Normal
     0 | D:1      | 0 ||| PLANNING D:1-11
   255 | D:1      | Reached XP level 2. HP: 17/17 MP: 6/6
   292 | D:1      | Reached skill level 3 in Axes
   939 | D:1      | 939 ||| UPGRADING to +0 chain mail.
   949 | D:1      | 949 ||| DROPPING +0 leather armour.
   950 | D:1      | 950 ||| READING scroll labelled VUOHEO TEPS.
   951 | D:1      | 951 ||| READING scroll labelled ERUSIE EP BUU.
   952 | D:1      | 952 ||| READING scroll labelled MAGODUGRIFAI.
   953 | D:1      | 953 ||| DRINKING 2 pink potions.
   954 | D:1      | 954 ||| DROPPING scroll of blinking.
  1021 | D:2      | Noticed Terence
  1031 | D:2      | Killed Terence
  1032 | D:2      | Reached skill level 4 in Axes
  1032 | D:2      | Reached XP level 3. HP: 6/21 MP: 7/7
  1356 | D:2      | Noticed Jessica
  1368 | D:2      | Killed Jessica
  1369 | D:2      | Reached skill level 5 in Axes
  1369 | D:2      | Reached XP level 4. HP: 20/26 MP: 8/8
  1565 | D:2      | Found a faded altar of an unknown god.
  1699 | D:2      | 1699 ||| Stepping ~*~*~tactically~*~*~ (stealth).
  1702 | D:2      | 1702 ||| Stepping ~*~*~tactically~*~*~ (stealth).
  1778 | D:2      | 1778 ||| UPGRADING to amulet of reflection.
  1783 | D:2      | 1783 ||| UPGRADING to ring of see invisible.
  1784 | D:2      | 1784 ||| READING scroll labelled XUROLA AJIR.
  1785 | D:2      | 1785 ||| READING scroll labelled WEIGGO ZUCWISS.
  1790 | D:2      | 1790 ||| READING scroll labelled VITYFO BEKLENE.
  1990 | D:3      | 1990 ||| Stepping ~*~*~tactically~*~*~ (stealth).
  1991 | D:3      | 1991 ||| Stepping ~*~*~tactically~*~*~ (stealth).
  1992 | D:3      | 1992 ||| Stepping ~*~*~tactically~*~*~ (stealth).
  1993 | D:3      | 1993 ||| Stepping ~*~*~tactically~*~*~ (stealth).
  2085 | D:3      | Gained mutation: Your magical nature lets you fly swiftly
                  | and evasively. [Tengu growth]
  2085 | D:3      | Reached XP level 5. HP: 29/30 MP: 9/9
  2466 | D:3      | Found a blossoming altar of Fedhas.
  2732 | D:3      | 2732 ||| READING scroll labelled CILI US MADEGO.
  2733 | D:3      | 2733 ||| READING 2 scrolls of identify.
  2733 | D:3      | 2733 ||| IDENTIFYING fuming silvery potion
  2734 | D:3      | 2734 ||| DROPPING potion of brilliance.
  2799 | D:4      | 2799 ||| READING scroll of enchant weapon.
  2799 | D:4      | 2799 ||| ENCHANTING +1 hand axe.
  2967 | D:4      | 2967 ||| Stepping ~*~*~tactically~*~*~ (stealth).
  2976 | D:4      | Reached skill level 6 in Axes
  3035 | D:4      | 3035 ||| Stepping ~*~*~tactically~*~*~ (stealth).
  3049 | D:4      | Reached XP level 6. HP: 35/35 MP: 10/10
  3059 | D:4      | 3059 ||| Stepping ~*~*~tactically~*~*~ (stealth).
  3083 | D:4      | Found a staircase to the Ecumenical Temple.
  3084 | D:4      | 3084 ||| PLANNING TEMPLE
  3084 | D:4      | 3084 ||| SWAPPING to +0 war axe.
  3085 | D:4      | 3085 ||| DROPPING +2 hand axe.
  3086 | D:4      | 3086 ||| READING scroll labelled HAMPIT VEOKHYA.
  3087 | D:4      | 3087 ||| READING 2 scrolls of identify.
  3087 | D:4      | 3087 ||| IDENTIFYING sedimented puce potion
  3088 | D:4      | 3088 ||| DROPPING potion of lignification.
  3099 | Temple   | Entered the Ecumenical Temple
  3129 | Temple   | 3129 ||| PLANNING D:1-11
  3215 | D:4      | 3215 ||| Stepping ~*~*~tactically~*~*~ (stealth).
  3406 | D:4      | Found Jesas's Serpentskin Sales.
  3406 | D:4      | Noticed a water moccasin
  3410 | D:4      | HP: 7/35 [poisoned by a water moccasin]
  3411 | D:4      | 3411 ||| READING scroll of teleportation.
  3411 | D:4      | Succumbed to a water moccasin's poison

Levels and vault maps discovered:
D:1:      amcnicky_arrival_double_pillar, layout_basic, serial_forest,
          infiniplex_forest_straight_1, infiniplex_forest_pool,
          infiniplex_forest_lined_room_, infiniplex_forest_clump_small,
          infiniplex_forest_pool, infiniplex_forest_lined_ring,
          infiniplex_forest_lined_corner, infiniplex_forest_3_way
D:2:      layout_basic, shapermc_ecumenical_altar_mp_ritualfount,
          ebering_dispersal_statue_hall, chequers_serial_rivers_room_b,
          uniq_jessica, uniq_terence
D:3:      layout_loops_corners, lemuel_tele_altar, minmay_misc_feat_iff,
          kennysheep_generic_room_9
D:4:      layout_basic, minmay_temple_entry_tees, minmay_misc_feat_chi,
          guppyfry_shop_venom
Temple:   nicolae_temple_ecumenical_triangle

Skill      XL: |  1  2  3  4  5 |
---------------+----------------+-----
Axes           | 4 5 6 |  6.7
Armour         | 2 |  2.0
Fighting       | |  2.0
Throwing       | |  1.0
Dodging        | |  2.1
Spellcasting   | |  2.0
Translocations | |  2.4

Action                   |  1- 3 |  4- 6 || total
-------------------------+-------+-------++-------
Melee: Hand axe          |    50 |    82 ||   132
       Kick              |    14 |    23 ||    37
       Peck              |     5 |    10 ||    15
       War axe           |       |    10 ||    10
Throw: Boomerang         |     7 |       ||     7
       Javelin           |       |    28 ||    28
  Use: Scroll            |     3 |     9 ||    12
       Potion            |     1 |       ||     1
Armor: Leather armour    |     7 |       ||     7
       Chain mail        |    12 |    40 ||    52
Dodge: Dodged            |    22 |    32 ||    54
Block: Other             |       |     7 ||     7

Table legend:
 A = Non-vault XP
 B = Vault XP
 C = Vault XP percentage of total XP
 D = Non-vault monster count
 E = Vault monster count
 F = Vault count percentage of total count
                 A         B        C        D         E       F
            +---------+---------+-------+---------+---------+-------
      Total |     319 |      73 |  18.6 |      54 |       2 |   3.6
            +---------+---------+-------+---------+---------+-------
        D:1 |      24 |       0 |   0.0 |      14 |       0 |   0.0
        D:2 |      46 |      73 |  61.3 |      14 |       2 |  12.5
        D:3 |      33 |       0 |   0.0 |      13 |       0 |   0.0
        D:4 |     216 |       0 |   0.0 |      13 |       0 |   0.0
            +---------+---------+-------+---------+---------+-------
